 Dungeon Crawl Stone Soup version 0.30-a0-1018-g25214051b3 (webtiles) character file.

Game seed: 14909752168950639336

3008 gelatine the Chopper (level 9, -4/85 HPs)
             Began as a Troll Fighter on Apr 7, 2023.
             Shot with an arrow by a centaur (8 damage)
             ... on level 8 of the Dungeon.
             The game lasted 00:21:10 (6799 turns).

gelatine the Chopper (Troll Fighter)                Turns: 6799, Time: 00:21:10

Health: -4/85      AC:  4    Str: 26    XL:     9   Next: 54%
Magic:  11/11      EV:  9    Int:  6    God:
Gold:   183        SH: 10    Dex: 11    Spells: 11/12 levels left

rFire   + . .      SeeInvis .    w - +0 broad axe
rCold   . . .      Faith    .    c - +1 kite shield
rNeg    . . .      Spirit   .    z - +0 robe {rF+}
rPois   .          Reflect  .    (helmet restricted)
rElec   .          Rampage  .    (no cloak)
rCorr   .                        (gloves unavailable)
Will    .....                    (boots unavailable)
Stlth   +                        (no amulet)
HPRegen 1.14/turn                (no ring)
MPRegen 0.12/turn                (no ring)

@: no status effects
A: large, unfitting armour, claws 3, regeneration 1, shaggy fur 1, tough skin 1
a: no special abilities


You were on level 8 of the Dungeon.
You visited 2 branches of the dungeon, and saw 9 of its levels.

You collected 337 gold pieces.
You spent 154 gold pieces at shops.

Inventory:

Hand Weapons
 a - a +1 war axe
 r - a +2 flail of protection
 w - a +0 broad axe (weapon)
Missiles
 n - 4 curare-tipped darts
 u - 11 poisoned darts (quivered)
 B - a throwing net
Armour
 c - a +1 kite shield (worn)
 z - a +0 robe of fire resistance (worn)
Wands
 i - a wand of paralysis (5)
 q - a wand of polymorph (37)
 s - a wand of flame (14)
Scrolls
 b - a scroll of butterflies
 j - 3 scrolls of fog
 l - 4 scrolls of teleportation
 x - a scroll of poison
 y - a scroll of blinking {unknown}
Potions
 d - 3 potions of brilliance
 e - 2 potions of curing
 f - 2 potions of magic
 g - a potion of ambrosia
 h - a potion of invisibility
 k - 2 potions of attraction
 m - 3 potions of lignification
 o - 2 potions of berserk rage
 t - 2 potions of resistance {unknown}
 A - 2 potions of cancellation {unknown}


   Skills:
 * Level 4.6 Fighting
 * Level 6.7 Axes
 + Level 0.6 Throwing
 * Level 4.6 Dodging
 + Level 0.5 Stealth
 * Level 5.2 Shields
 * Level 2.1 Spellcasting
 * Level 2.5 Summonings
 * Level 2.6 Evocations


You had 11 spell levels left.
You knew the following spells:

 Your Spells              Type           Power      Damage    Failure   Level
a - Summon Small Mammal   Summ           12%        N/A       32%         1

Your spell library contained the following spells:

 Spells                   Type           Power      Damage    Failure   Level
 Apportation              Tloc           0%         N/A       65%         1
 Necrotise                Necr           0%         1d4       65%         1
 Shock                    Conj/Air       0%         1d3       65%         1
 Call Canine Familiar     Summ           3%         N/A       67%         3
 Summon Guardian Golem    Hex/Summ       2%         N/A       85%         3
 Portal Projectile        Hex/Tloc       0%         N/A       95%         3
 Swiftness                Air            0%         N/A       95%         3
 Airstrike                Air            0%         2d(0-16)  100%        4
 Leda's Liquefaction      Hex/Erth       0%         N/A       100%        4
 Orb of Destruction       Conj           0%         9d5       100%        7
 Spellforged Servitor     Conj/Summ      1%         N/A       100%        7


Dungeon Overview and Level Annotations

Branches:
Dungeon (8/15)             Temple (1/1) D:5            Lair (0/5) D:8

Altars:
Ashenzari
Cheibriados
Dithmenos
Elyvilon
Fedhas
Gozag
Hepliaklqana
Kikubaaqudgha
Makhleb
Nemelex Xobeh
Okawaru
Qazlal
Ru
Sif Muna
Trog
Uskayaw
Vehumet
Wu Jian
Xom
Yredelemnul
Zin
The Shining One

Shops:
D:7 *

Annotations:
D:7 3 runed translucent doors, AstroCodex24's ghost, novice DgFi
D:8 1 transporter, Erica; grumposus's ghost, novice OpTm


Innate Abilities, Weirdness & Mutations

You are too large for most types of armour.
You have claws for hands.
Your natural rate of healing is unusually fast.
You are covered in fur. (AC +1)
You have tough skin. (AC +1)


Message History

You feel strangely unstable.
The komodo dragon hisses menacingly.
The bullfrog hits you.
* * * LOW HITPOINT WARNING * * *
The black bear bites you.
* * * LOW HITPOINT WARNING * * *
The black bear barely misses you. You block the black bear's attack.
You hit the black bear.
The black bear is lightly wounded.
You barely miss the bullfrog. You block the bullfrog's attack. x2
A water moccasin comes into view.
The black bear barely misses you. The black bear completely misses you.
The black bear claws you but does no damage.
The water moccasin hisses angrily.
You slash the black bear!
The black bear is heavily wounded.
You hit the bullfrog.
You hear an angry growl.
The bullfrog swells and bulges.
The bullfrog closely misses you.
A black bear comes into view.
You block the black bear's attack. The black bear claws you.
* * * LOW HITPOINT WARNING * * *
You block the black bear's attack. The bullfrog hits you.
* * * LOW HITPOINT WARNING * * *
The howler monkey hoots and howls with incredible vigour!
You hear a roar!
You hear a loud, deep croak!
You hit the black bear.
The black bear is heavily wounded.
You slash the bullfrog!
You kill the bullfrog!
Your surroundings suddenly seem different.
Found 4 stones.
Found a staircase to the Lair.
A centaur comes into view.
The centaur shouts!
The centaur wields a +0 shortbow.
The centaur shoots an arrow.
The arrow hits you!
* * * LOW HITPOINT WARNING * * *
The centaur shoots an arrow.
The arrow hits you!
You die...

.
.....P......P....###
#.#c.........P....
#.#..P....>......
#...P.P..P......
#..............
#....P.......
#..P......P.
#.(.P.......
#.@...h.....
#..P........ #.
#........... ##...
..'...P..... J.....
####.......P. ##....
##.......# #.##.$
#.....# #.. #...#
#.#. ...#


You could see a black bear and a centaur.

Vanquished Creatures
  Grinder (D:6)
  Eustachio (D:6)
  Edmund (D:6)
  A water moccasin (D:8)
  2 sky beasts
  An orc warrior (D:8)
  2 ogres
  A centaur (D:8)
  2 kobold brigands
  2 phantoms
  A gnoll sergeant (D:8)
  3 bullfrogs
  3 scorpions
  3 wights (D:6)
  2 jellies (D:6)
  2 hounds
  5 orc priests
  Terence (D:2)
  A sleepcap (D:6)
  Ijyb (D:4)
  Natasha (thrice) (D:4)
  3 iguanas
  8 orc wizards
  7 gnolls
  11 adders
  2 white imps
  2 ufetubi
  A worm (D:2)
  3 dart slugs
  31 orcs
  3 bats
  7 endoplasms
  2 giant cockroaches (D:1)
  8 goblins
  7 hobgoblins
  6 jackals (D:2)
  4 quokkas
  5 ball pythons
  A frilled lizard (D:1)
  15 kobolds
  6 rats
171 creatures vanquished.

Vanquished Creatures (collateral kills)
  An iguana (D:5)
1 creature vanquished.

Vanquished Creatures (others)
  54 fungi (D:8)
  51 plants
105 creatures vanquished.

Grand Total: 277 creatures vanquished

Notes
Turn   | Place    | Note
-------+----------+-------------------------------------------
     0 | D:1      | gelatine the Troll Fighter began the quest for the Orb.
     0 | D:1      | Reached XP level 1. HP: 22/22 MP: 0/0
   134 | D:1      | Reached XP level 2. HP: 29/29 MP: 1/1
   659 | D:2      | Reached skill level 2 in Axes
   659 | D:2      | Reached XP level 3. HP: 36/36 MP: 2/2
   814 | D:2      | Noticed Terence
   829 | D:2      | Killed Terence
   830 | D:2      | Reached XP level 4. HP: 11/44 MP: 3/3
  1194 | D:2      | Reached skill level 3 in Axes
  1285 | D:2      | Learned a level 1 spell: Summon Small Mammal
  1412 | D:2      | Reached XP level 5. HP: 52/52 MP: 4/4
  1834 | D:3      | Found a faded altar of an unknown god.
  2315 | D:4      | Noticed Ijyb
  2327 | D:4      | Killed Ijyb
  2382 | D:4      | Noticed Natasha
  2392 | D:4      | Killed Natasha
  2397 | D:4      | Noticed an ogre
  2407 | D:4      | Killed an ogre
  2408 | D:4      | Reached XP level 6. HP: 61/61 MP: 4/6
  2460 | D:4      | Found an ornate altar of the Wu Jian Council.
  2565 | D:4      | Noticed Natasha
  2573 | D:4      | Killed Natasha
  2755 | D:4      | Reached skill level 4 in Axes
  2755 | D:4      | Reached skill level 1 in Spellcasting
  2755 | D:4      | Reached skill level 1 in Evocations
  2855 | D:4      | Noticed Natasha
  2861 | D:4      | Killed Natasha
  2911 | D:4      | Reached XP level 7. HP: 65/67 MP: 7/7
  2976 | D:4      | Reached skill level 1 in Summonings
  3112 | D:5      | Entered Level 5 of the Dungeon
  3697 | D:5      | Found a staircase to the Ecumenical Temple.
  3769 | D:5      | Reached skill level 5 in Axes
  3820 | D:5      | Found a basalt altar of Yredelemnul.
  3845 | D:5      | Found a hide-covered altar of Uskayaw.
  3919 | Temple   | Entered the Ecumenical Temple
  4283 | D:6      | Noticed Eustachio
  4303 | D:6      | Reached XP level 8. HP: 29/78 MP: 7/9
  4319 | D:6      | Killed Eustachio
  4449 | D:6      | Noticed Edmund
  4466 | D:6      | Killed Edmund
  5158 | D:6      | Noticed Grinder
  5175 | D:6      | Killed Grinder
  5546 | D:7      | Reached skill level 6 in Axes
  5548 | D:7      | Reached XP level 9. HP: 68/84 MP: 10/10
  5564 | D:7      | Found a runed translucent gate.
  5565 | D:7      | Found a runed translucent gate.
  5565 | D:7      | Found an opulent altar of Gozag.
  5567 | D:7      | Found a runed translucent gate.
  5585 | D:7      | Noticed AstroCodex24's ghost (novice DgFi)
  5585 | D:7      | Noticed a skeletal warrior
  5586 | D:7      | Noticed a two-headed ogre
  6257 | D:7      | Found Huaroshu's General Store.
  6262 | D:7      | Bought a +0 broad axe for 64 gold pieces
  6517 | D:8      | Reached skill level 5 in Shields
  6566 | D:8      | Found a transporter.
  6596 | D:8      | Noticed grumposus's ghost (novice OpTm)
  6596 | D:8      | Noticed a moth of wrath
  6642 | D:8      | Found a glowing golden altar of the Shining One.
  6642 | D:8      | Noticed a six-headed hydra
  6667 | D:8      | Found Zin's Purification Station.
  6688 | D:8      | Found a glowing silver altar of Zin.
  6691 | D:8      | Bought a potion of curing for 90 gold pieces
  6707 | D:8      | Noticed Erica
  6766 | D:8      | Noticed a komodo dragon
  6769 | D:8      | Found a sacrificial altar of Ru.
  6797 | D:8      | Found a staircase to the Lair.
  6799 | D:8      | HP: 4/85 [centaur/arrow (9)]
  6799 | D:8      | Shot with an arrow by a centaur

Illustrated notes

Levels and vault maps discovered:
D:1:      minmay_arrival_diagonal_passages, layout_basic
D:2:      wad_woods_settlement, layout_basic, palyth_stone_intersect,
          minmay_misc_feat_doors, minmay_misc_feat_tiny, uniq_terence
D:3:      layout_basic, basic_ecumenical_altar, due_unseen_surprise
D:4:      layout_loops_cross, mainiacjoe_overflow_concentric_impassable,
          nicolae_figureground_pulse, uniq_natasha, uniq_ijyb
D:5:      layout_loops_ring, mainiacjoe_overflow_two_lobes,
          minmay_temple_entry_antechambers
D:6:      layout_loops_corners, grunt_ministairs_11, hangedman_decor_push,
          uniq_grinder, uniq_edmund, uniq_eustachio
D:7:      layout_basic, serial_shops, shop, ebering_ghost_gozag,
          amethyst_killhole, chequers_serial_rivers_small_b
D:8:      layout_loops_corners, zin_purify, mainiacjoe_overflow_large_starburst,
          due_lair_maze_entry_diamond, gammafunk_ghost_berserking_beasts,
          uniq_erica
Temple:   eino_temple_rhombus

Skill      XL: |  1  2  3  4  5  6  7  8  9 |
---------------+----------------------------+-----
Axes           | 2 3 4 5 6 |  6.7
Shields        | 3 4 5 |  5.2
Fighting       | 3 4 |  4.6
Dodging        | 3 4 |  4.6
Spellcasting   | 1 2 |  2.1
Evocations     | 1 2 |  2.6
Summonings     | 1 2 |  2.5
Throwing       | |  0.6
Stealth        | |  0.5

Action                     |  1- 3 |  4- 6 |  7- 9 || total
---------------------------+-------+-------+-------++-------
  Melee: War axe           |    96 |   202 |   371 ||   669
         Broad axe         |       |       |    75 ||    75
  Throw: Dart              |       |       |    22 ||    22
   Cast: Summon Small Mamm |       |       |     4 ||     4
  Evoke: Wand              |       |     1 |     3 ||     4
    Use: Potion            |     1 |       |     3 ||     4
         Scroll            |       |       |    21 ||    21
   Stab: Paralysed         |       |     4 |     3 ||     7
         Sleeping          |       |     1 |       ||     1
 Armour: Robe              |    36 |    60 |   137 ||   233
  Dodge: Dodged            |    40 |    77 |   187 ||   304
  Block: Kite shield       |    41 |    83 |   248 ||   372

Table legend: (Time is in decaauts)
 A = Elapsed time spent in this place.
 B = Non-inter-level travel time spent in this place.
 C = Inter-level travel time spent in this place.
 D = Time resting spent in this place.
 E = Time spent auto-exploring this place.
 F = Levels seen in this place.
 G = Mean time per level.
                   A        B        C        D        E       F      G
               +--------+--------+--------+--------+--------+-----+--------+
         Total |   7117 |   6762 |    355 |      0 |   4697 |   9 |  790.8 |
       Dungeon |   6947 |   6600 |    347 |      0 |   4549 |   8 |  868.4 |
        Temple |    169 |    161 |      8 |      0 |    148 |   1 |  169.0 |
               +--------+--------+--------+--------+--------+-----+--------+

Top non-repeatable levels by time:
     D:6: 1339 daAuts
     D:2: 1024 daAuts
     D:5: 1012 daAuts
     D:7: 875 daAuts
     D:4: 857 daAuts
     D:3: 733 daAuts
     D:1: 657 daAuts
     D:8: 448 daAuts
  Temple: 169 daAuts
